 Dungeon Crawl Stone Soup version 0.30-a0-330-g8f2769a82d (webtiles) character file.

Game seed: 1133451880139033554

141 Engwar the Insei (level 5, -2/33 HPs)
             Began as an Octopode Transmuter on Oct 29, 2022.
             Slain by an orc wizard
             ... wielding a +0 dagger
              (4 damage)
             ... on level 3 of the Dungeon.
             The game lasted 00:04:06 (2309 turns).

Engwar the Insei (Octopode Transmuter)              Turns: 2309, Time: 00:04:07

Health: -2/33      AC:  1    Str:  9    XL:     5   Next: 24%
Magic:  2/8        EV: 17    Int: 18    God:
Gold:   117        SH:  0    Dex: 12    Spells: 2/8 levels left

rFire   . . .      SeeInvis .      - Unarmed
rCold   . . .      Faith    .    (no shield)
rNeg    . . .      Spirit   .    (helmet restricted)
rPois   .          Reflect  .    (no amulet)
rElec   .          Harm     .    d - +4 ring of evasion
rCorr   .          Rampage  .    (no ring)
Will    .....                    (no ring)
Stlth   +++.......               (no ring)
HPRegen 0.25/turn                (no ring)
MPRegen 0.11/turn                (no ring)
                                 (no ring)
                                 (no ring)

@: very slightly contaminated
A: almost no armour, amphibious, 8 rings, camouflage 1, gelatinous body 1,
(nimble swimmer 1), tentacles
a: no special abilities


You were on level 3 of the Dungeon.
You visited 1 branch of the dungeon, and saw 3 of its levels.

You collected 117 gold pieces.

Inventory:

Missiles
 b - 10 poisoned darts
Jewellery
 d - a +4 ring of evasion (left tentacle)
Potions
 a - a potion of attraction {unknown}
 c - a potion of might {unknown}
 e - a potion of curing
 f - a potion of berserk rage {unknown}


   Skills:
 - Level 1.0 Fighting
 - Level 2.0 Dodging
 - Level 3.0 Stealth
 + Level 4.1 Unarmed Combat
 - Level 2.0 Spellcasting
 + Level 3.3 Transmutations
 + Level 1.8 Poison Magic


You had 2 spell levels left.
You knew the following spells:

 Your Spells              Type           Power      Damage    Failure   Level
a - Beastly Appendage     Tmut           26%        N/A       4%          1
b - Wereblood             Tmut           13%        N/A       7%          2
c - Spider Form           Tmut/Pois      11%        N/A       19%         3

Your spell library contained the following spells:

 Spells                   Type           Power      Damage    Failure   Level
 Summon Small Mammal      Summ           4%         N/A       19%         1
 Call Canine Familiar     Summ           1%         N/A       47%         3
 Frozen Ramparts          Ice            2%         1d1       47%         3
 Summon Guardian Golem    Hex/Summ       1%         N/A       47%         3
 Ice Form                 Ice/Tmut       7%         N/A       65%         4
 Summon Ice Beast         Ice/Summ       1%         N/A       87%         4


Dungeon Overview and Level Annotations

Branches:
Dungeon (3/15)

Altars:
Fedhas


Innate Abilities, Weirdness & Mutations

You cannot wear most types of armour.
You are amphibious.
You can wear up to eight rings at the same time.
Your skin changes colour to match your surroundings (Stealth+).
Your rubbery body absorbs attacks. (AC +1, EV +1)
((You are camouflaged when in or above water. (Stealth+)))
You have tentacles for arms and can constrict up to eight enemies at once.


Message History

You bite the orc priest!
The orc priest looks as sick as possible!
The orc priest is heavily wounded.
The orc completely misses you.
The orc wizard points at you and mumbles some strange words.
The magic dart hits you.
* * * LOW HITPOINT WARNING * * *
The orc barely misses you. The orc priest misses you.
You hit the orc priest but do no damage.
The orc priest looks as sick as possible!
The orc priest is heavily wounded.
Your transformation has ended.
The orc barely misses you. The orc wizard misses you. The orc misses you.
The orc priest hits you with a +0 short sword.
* * * LOW HITPOINT WARNING * * *
The orc attacks as you move away! The orc misses you.
You kill the orc priest!
The orc wizard casts a spell.
The orc wizard flickers and vanishes!
Deactivating autopickup; reactivate with Ctrl-A.
The orc barely misses you.
Your Unarmed Combat skill increases to level 4!
You have reached level 5!
You feel clever.
You aren't carrying any scrolls.
You feel better. The orc hits you with a +0 club.
* * * LOW HITPOINT WARNING * * *
Casting: Spider Form (quite dangerous; 19% risk of failure)
Confirm with . or Enter, or press ? or * to list all spells.
You miscast Spider Form.
You are very lightly contaminated with residual magic.
Nothing appears to happen.
The orc completely misses you. The orc hits you with a +0 falchion.
* * * LOW HITPOINT WARNING * * *
The orc attacks as you move away! The orc completely misses you.
You kill the orc!
The orc hits you with a +0 falchion.
* * * LOW HITPOINT WARNING * * *
Something hits you.
You die...

,,,,,**,*,,* ###.###..###.# #
***,,,*,*,,* #.....#..# *,* #
,,,,*,,,,,,* ##.###>#..# *,* #
***,,,*,**,* #..# #....# *,* #
**,**,**,* #..###.##.# *,* #
*,**,**,* #......##.#**,* #
*,*#.#*,######.##..........* #
****,*#....#..)o..#######.####* #
,,,,,,........){@.#######.#######
,***,*#.####.####................
,* *,**,***#.** #.........#######
,* *,**,,,,..,**#.#######.# **
*<,,,,,...,,,..#######.#
****,,....,,,........<.#
**#####****##########


You could see an orc.

Vanquished Creatures
  An orc priest (D:3)
  6 adders
  A dart slug (D:1)
  3 orcs (D:3)
  7 endoplasms (D:1)
  A giant cockroach (D:2)
  5 goblins
  4 hobgoblins
  A quokka (D:1)
  2 ball pythons (D:1)
  2 bats (D:1)
  7 frilled lizards
  6 kobolds
  10 rats
56 creatures vanquished.

Notes
Turn   | Place    | Note
-------+----------+-------------------------------------------
     0 | D:1      | Engwar the Octopode Transmuter began the quest for the Orb.
     0 | D:1      | Reached XP level 1. HP: 13/13 MP: 3/3
    33 | D:1      | Reached skill level 1 in Stealth
    60 | D:1      | Reached XP level 2. HP: 13/18 MP: 3/5
   316 | D:1      | Reached XP level 3. HP: 18/23 MP: 6/6
   319 | D:1      | Learned a level 2 spell: Wereblood
   323 | D:1      | Learned a level 3 spell: Spider Form
   518 | D:1      | Found a faded altar of an unknown god.
   703 | D:2      | Found a blossoming altar of Fedhas.
   899 | D:2      | Reached XP level 4. HP: 26/28 MP: 5/7
   950 | D:2      | HP: 2/42 [poisoned by an adder]
  1898 | D:2      | Reached skill level 1 in Poison Magic
  2305 | D:3      | Reached skill level 4 in Unarmed Combat
  2305 | D:3      | Reached XP level 5. HP: 6/33 MP: 5/8
  2309 | D:3      | Slain by an orc wizard

Illustrated notes

Levels and vault maps discovered:
D:1:      minmay_arrival_cross, layout_rooms,
          dreamdust_ecumenical_altar_angels_and_demons, minmay_tetromino_s4
D:2:      layout_basic, basic_altar
D:3:      layout_loops_ring

Skill      XL: |  1  2  3  4 |
---------------+-------------+-----
Stealth        | 1 2 3 |  3.0
Transmutations | 3 |  3.3
Poison Magic   | 1 |  1.8
Unarmed Combat | 4 |  4.1
Fighting       | |  1.0
Dodging        | |  2.0
Spellcasting   | |  2.0

Action                   |  1- 3 |  4- 6 || total
-------------------------+-------+-------++-------
Melee: Unarmed           |    67 |    47 ||   114
       Tentacles         |    13 |     6 ||    19
       Constrict         |    17 |     6 ||    23
       Kick              |     6 |     7 ||    13
       Punch             |     1 |     1 ||     2
 Cast: Beastly Appendage |     6 |     5 ||    11
       Spider Form       |       |     1 ||     1
  Use: Scroll            |     4 |     3 ||     7
       Potion            |       |     2 ||     2
 Stab: Sleeping          |     6 |     9 ||    15
Armor: Skin              |     6 |     3 ||     9
Dodge: Dodged            |    30 |    35 ||    65

Table legend: (Time is in decaauts)
 A = Elapsed time spent in this place.
 B = Non-inter-level travel time spent in this place.
 C = Inter-level travel time spent in this place.
 D = Time resting spent in this place.
 E = Time spent auto-exploring this place.
 F = Levels seen in this place.
 G = Mean time per level.
                   A        B        C        D        E       F      G
               +--------+--------+--------+--------+--------+-----+--------+
         Total |   2300 |   2265 |     35 |    276 |   1602 |   3 |  766.7 |
       Dungeon |   2300 |   2265 |     35 |    276 |   1602 |   3 |  766.7 |
               +--------+--------+--------+--------+--------+-----+--------+

Top non-repeatable levels by time:
     D:2: 1267 daAuts
     D:1: 663 daAuts
     D:3: 369 daAuts
